 Dungeon Crawl Stone Soup version 0.32-a0-913-g739538afd8 (webtiles) character file.

Game seed: 11261757434212493514

1742 kae the Changeling (level 8, -8/65 HPs)
             Began as a Demonspawn Shapeshifter on Apr 9, 2024.
             Was an Initiate of Ru.
             Mangled by an orc warrior
             ... wielding a +0 hand axe
              (10 damage)
             ... on level 6 of the Dungeon.
             The game lasted 00:06:04 (5936 turns).

kae the Changeling (Demonspawn Shapeshifter)        Turns: 5936, Time: 00:06:05

Health: -8/65      AC:  2    Str: 18    XL:     8   Next: 77%
Magic:  8/8        EV: 15    Int: 19    God:    Ru [......]
Gold:   224        SH:  0    Dex: 17    Spells: 7/7 levels left

rFire   . . .        o - melded +7 hand axe "Eshra" {flame, *Noise rPois rF+ MP+9}
rCold   . . .        (shield currently unavailable)
rNeg    . . .        a - melded +0 animal skin
rPois   .            (helmet restricted)
rElec   .            (no cloak)
rCorr   .            (no gloves)
SInv    .            x - +0 pair of boots of Liberty {Str+3 Int+8 Dex-3 Slay+2}
Will    +....        (no amulet)
Stlth   +            m - ring of willpower
HPRegen 0.30/turn    D - +6 ring of dexterity
MPRegen 0.11/turn

%: no passive effects
@: lethally poisoned (-8 -> -26), flux-form, glowing
A: glow, contaminating, antennae 1, rugged brown scales 1, powered by death 1,
demonic magic 1
a: Begin Untransformation, Renounce Religion, Sacrifice Purity, Sacrifice
Health, Sacrifice Arcana, Reject Sacrifices


You were on level 6 of the Dungeon.
You worshipped Ru.
Ru was noncommittal.
You were something dangerously unstable.
You visited 2 branches of the dungeon, and saw 7 of its levels.
You also visited: Ossuary.

You collected 301 gold pieces.
You spent 77 gold pieces at shops.


Innate Abilities, Weirdness & Mutations

You are something dangerously unstable.
You glow with magical radiation, making you easy to see and hit.
Foes you strike become dangerously contaminated with magical radiation.
You are incapable of wielding weapons or throwing items.
You have a pair of small antennae on your head.
You are partially covered in rugged brown scales. (AC +1, +3% HP)
You regenerate a little health from kills.
Spells you cast may paralyse adjacent enemies.


   Skills:
 + Level 5.6 Fighting
 - Level 1.7 Dodging
 + Level 5.8 Unarmed Combat
 * Level 7.2 Shapeshifting


You had 7 spell levels left.
You didn't know any spells.
Your spell library contained the following spells:

 Spells                   Type           Power      Damage    Failure   Level
 Sandblast                Erth           0%         2d4       21%         1
 Sublimation of Blood     Necr           0%         N/A       30%         2
 Hailstorm                Conj/Ice       0%         3d5       52%         3
 Stone Arrow              Conj/Erth      0%         3d7       52%         3
 Summon Ice Beast         Ice/Summ       0%         N/A       52%         3
 Anguish                  Hex/Necr       0%         N/A       90%         4
 Brom's Barrelling Bould  Conj/Erth      0%         2d3       90%         4
 Cause Fear               Hex            0%         N/A       90%         4
 Petrify                  Alch/Erth      0%         N/A       90%         4
 Irradiate                Conj/Alch      0%         3d11      99%         5
 Permafrost Eruption      Ice/Erth       0%         2x4d1     100%        6
 Sculpt Simulacrum        Ice/Alch       0%         N/A       100%        6
 Enfeeble                 Hex            0%         N/A       100%        7

Inventory:

Hand Weapons
 o - the +7 hand axe "Eshra" (melded) {flame, *Noise rPois rF+ MP+9}
   (You found it on level 3 of the Dungeon)

   rF+:       It protects you from fire.
   rPois:     It protects you from poison.
   MP+9:      It affects your magic capacity (+9).
   *Noise:    It may make a loud noise when swung.
Missiles
 f - 50 stones (quivered)
 g - 8 boomerangs
 u - 16 poisoned darts
Armour
 a - a +0 animal skin (melded)
 s - a +1 helmet
   (You found it on level 3 of the Dungeon)
 x - the +0 pair of boots of Liberty (worn) {Str+3 Int+8 Dex-3 Slay+2}
   (You found it on level 4 of the Dungeon)

   Str+3:     It affects your strength (+3).
   Int+8:     It affects your intelligence (+8).
   Dex-3:     It affects your dexterity (-3).
   Slay+2:    It affects your accuracy & damage with ranged weapons and melee
   (+2).
Jewellery
 m - a ring of willpower (left hand)
   (You found it on level 2 of the Dungeon)
 D - a +6 ring of dexterity (right hand)
   (You found it on level 3 of the Dungeon)
 L - a ring of flight
   (You found it on level 6 of the Dungeon)
Talismans
 c - a beast talisman
 d - a flux talisman (active)
 k - a maw talisman
   (You found it on level 2 of the Dungeon)
 t - a serpent talisman
   (You found it on level 3 of the Dungeon)
Wands
 p - a wand of acid (6)
   (You found it on level 3 of the Dungeon)
 B - a wand of digging (7)
   (You found it on level 6 of the Dungeon)
Scrolls
 e - a scroll of immolation {!r!r}
 j - 3 scrolls of vulnerability {!r!r}
 q - 3 scrolls of teleportation {@r4}
 v - a scroll of poison {!r}
 y - a scroll of enchant weapon
 C - a scroll of torment {!r}
 F - 2 scrolls of fear
Potions
 b - 3 potions of lignification {!q}
 h - 2 potions of brilliance
 i - a potion of resistance
 l - a potion of heal wounds {@q2}
 n - a potion of ambrosia
 r - a potion of enlightenment
 w - a potion of mutation {unknown}
 z - 2 potions of curing {@q1}
 A - 3 potions of degeneration {unknown}
 E - a potion of invisibility

Dungeon Overview and Level Annotations

Branches:
Dungeon (6/15) Zot: 25958  Temple (1/1) D:4 Zot: 5974 Ossuary (visited)

Altars:
Ashenzari
Cheibriados
Gozag
Hepliaklqana
Makhleb
Nemelex Xobeh
Okawaru
Ru
Sif Muna
Trog
Xom
Yredelemnul

Shops:
D:3 ?   D:6 (

Annotations:
D:2 1 runed translucent door, Crazy Yiuf

## #.####### .....#.##
..#....# ### #......##
#.### #.#.....####
....######.....#p#.#
.....#.........#o#{##
.......###.......o..##
..##...#.....#..o....#
.###.........###...o.#
##
#.............###..# #
#.........#..## ,..#
####............# ..#
.................. ...


You could see an orc warrior, an orc priest, an orc wizard and an orc.


Message History

B - a wand of digging (7)
An orc comes into view. It is wielding a +0 trident.
The orc shouts!
The orc throws a stone.
The stone misses you.
An orc is nearby!
An orc is nearby!
An orc is nearby!
You start waiting.
An orc is nearby!
The orc barely misses you.
You punch the orc!
You kill the orc!
No target in view!
No target in view!
No target in view!
No target in view!
You now have 224 gold pieces (gained 12).
f - 50 stones (gained 7)
Things that are here:
a +0 trident; an orc corpse
Things that are here:
a +0 scale mail; a +0 flail
Things that are here:
a +0 spear; a gnoll skeleton
Items here: รทรทรทรท.
Things that are here:
a +0 mace; a +0 chain mail
Things that are here:
a +0 flail; a +0 falchion Key pressed, stopping explore.
An orc wizard comes into view. It is wielding a +2 dagger of venom.
The orc wizard shouts!
You hear a shout! x3
An orc warrior comes into view. It is wielding a +0 hand axe.
Things that are here:
a potion of enlightenment; a +0 pair of boots
There are monsters nearby!
There are monsters nearby!
There are monsters nearby!
There are monsters nearby!
An orc wizard comes into view. It is wielding a +0 dagger.
The orc warrior shouts!
The orc wizard shouts!
The orc wizard moves out of view.
An orc comes into view. It is wielding a +0 hand axe.
The orc shouts!
An orc priest comes into view. It is wielding a +0 dagger.
You hit the orc wizard.
The orc wizard begins to glow.
You barely miss the orc wizard.
The orc wizard hits you with a +2 dagger of venom.
You are poisoned. ๐Ÿ˜• HP[-1]
You take 1 damage, and now have 64/65 hp.
You barely miss the orc wizard.
You feel sick. The orc warrior barely misses you.
The orc wizard hits you with a +2 dagger of venom.
You are more poisoned. ๐Ÿ˜• HP[-2]
You take 2 damage, and now have 62/65 hp.
You barely miss the orc wizard.
You feel very sick.
The orc warrior hits you with a +0 hand axe!
The orc wizard hits you with a +2 dagger of venom.
You are more poisoned. ๐Ÿ˜ฎ HP[-16]
You take 16 damage, and now have 46/65 hp.
MASSIVE DAMAGE!! (PAUSE)
Okay, then.
You feel better.
The orc warrior closely misses you. ๐Ÿ˜• HP[+7]
You regained 7 hp, and now have 53/65 hp.
The orc warrior attacks as it pursues you!
The orc warrior hits you with a +0 hand axe!
The orc wizard hits you with a +2 dagger of venom.
You are poisoned. ๐Ÿ˜ฎ HP[-19]
You take 19 damage, and now have 34/65 hp.
MASSIVE DAMAGE!! (PAUSE)
You feel very sick.
The orc wizard attacks as it pursues you!
The orc wizard hits you with a +2 dagger of venom.
* * * LOW HITPOINT WARNING * * *
You are more poisoned. ๐Ÿ˜จ HP[-4]
You take 4 damage, and now have 30/65 hp.
You feel very sick.
The orc warrior attacks as it pursues you!
The orc warrior hits you with a +0 hand axe!
* * * LOW HITPOINT WARNING * * *
The orc wizard hits you with a +2 dagger of venom.
* * * LOW HITPOINT WARNING * * *
You are lethally poisoned!
The orc priest invokes the aid of Beogh against you.
Beogh smites you!
* * * LOW HITPOINT WARNING * * *
* * * LOW HITPOINT WARNING * * *
You feel very sick.
The orc wizard stops glowing.
The orc warrior attacks as it pursues you!
The orc warrior hits you with a +0 hand axe!
You die...
Ru respects your ultimate sacrifice.

Skill      XL: |  1  2  3  4  5  6  7  8 |
---------------+-------------------------+-----
Shapeshifting  | 3 4 5 6 7 |  7.2
Unarmed Combat | 3 4 5 |  5.8
Fighting       | 2 3 4 5 |  5.6
Dodging        | |  1.7

Action                     |  1- 3 |  4- 6 |  7- 9 || total
---------------------------+-------+-------+-------++-------
  Melee: Unarmed           |   115 |       |   275 ||   390
         Punch             |     2 |       |       ||     2
         Hand axe          |    13 |    68 |     9 ||    90
    Use: Scroll            |     5 |       |     8 ||    13
         Potion            |       |       |     1 ||     1
   Stab: Sleeping          |     1 |     1 |       ||     2
 Armour: Animal skin       |    67 |    47 |     7 ||   121
         Skin              |       |       |    97 ||    97
  Dodge: Dodged            |    71 |    47 |   168 ||   286
   Form: Flux              |       |       |     1 ||     1

Levels and vault maps discovered:
D:1:      dpeg_arrival_ternary, layout_rooms, hellmonk_ecumenical_altar_blasted,
          serial_bayou_pond_d, chequers_serial_rivers_micro_d
D:2:      layout_basic, hex_tiny, guppyfry_early_lair_pool,
          uniq_crazy_yiuf_cottage
D:3:      minmay_angry_zag, layout_rooms, hellmonk_sif_muna_bookshelves,
          mainiacjoe_overflow_surrounded_room, serial_shops, shop,
          roderic_serpentine_path, minmay_misc_feat_ornament
D:4:      layout_loops_cross, mainiacjoe_overflow_alcove_4,
          mainiacjoe_overflow_paths, nicolae_overflow_hidden_temple,
          minmay_temple_entry_wispy, nzn_random_ring
D:5:      layout_loops_corners, trog_three_pillars_becter,
          mainiacjoe_ossuary_entry_dusty_tomb, sigmund_army
D:6:      layout_cave_pools, mainiacjoe_overflow_catwalk,
          mainiacjoe_overflow_six_doors_small, serial_shops,
          nicolae_shop_tiny_glass
Temple:   hellmonk_temple_rainy

Notes
Turn   | Place    | Note
-------+----------+-------------------------------------------
     0 | D:1      | kae the Demonspawn Shapeshifter began the quest for the
                  | Orb.
     0 | D:1      | Reached XP level 1. HP: 15/15 MP: 1/1
     0 | D:1      | magus.rc [v1.11.3]
    93 | D:1      | Found a faded altar of an unknown god.
   108 | D:1      | Gained mutation: You regenerate a little health from kills.
                  | [demonic ancestry]
   108 | D:1      | Reached XP level 2. HP: 20/21 MP: 2/2
   206 | D:1      | Reached skill level 3 in Shapeshifting
   242 | D:1      | You pick up a book of Transmutation and begin reading...
   242 | D:1      | You add the spells Sublimation of Blood, Petrify and
                  | Irradiate to your library.
   317 | D:1      | HP: 5/21 [goblin/+0 club (3)]
   323 | D:1      | HP: 5/21 [quokka (2)]
   599 | D:2      | Reached skill level 3 in Unarmed Combat
   599 | D:2      | Gained mutation: You are partially covered in rugged brown
                  | scales. (AC +1, +3% HP) [demonic ancestry]
   599 | D:2      | Reached XP level 3. HP: 10/27 MP: 3/3
   601 | D:2      | HP: 6/27 [poisoned by an adder]
   787 | D:2      | You pick up a book of the Tundra and begin reading...
   787 | D:2      | You add the spells Hailstorm, Summon Ice Beast, Permafrost
                  | Eruption and Sculpt Simulacrum to your library.
  1067 | D:2      | Found a runed translucent door.
  1068 | D:2      | Noticed Crazy Yiuf
  1311 | D:3      | Identified the +7 hand axe "Eshra" {flame, *Noise rPois rF+
                  | MP+9}
  1404 | D:3      | Found Qeezilut's Magic Scroll Emporium.
  1409 | D:3      | Reached skill level 2 in Fighting
  1423 | D:3      | Bought a scroll of teleportation for 33 gold pieces
  1423 | D:3      | Bought a scroll of identify for 22 gold pieces
  1424 | D:3      | Bought a scroll of identify for 22 gold pieces
  1474 | D:3      | Reached XP level 4. HP: 17/33 MP: 4/4
  1635 | D:3      | Found a shimmering altar of Xom.
  1703 | D:3      | Found a shimmering blue altar of Sif Muna.
  1792 | D:3      | You pick up a book of Geomancy and begin reading...
  1792 | D:3      | You add the spells Sandblast, Stone Arrow and Brom's
                  | Barrelling Boulder to your library.
  2190 | D:4      | Reached skill level 4 in Shapeshifting
  2190 | D:4      | Reached XP level 5. HP: 40/40 MP: 5/5
  2217 | D:4      | Found a staircase to the Ecumenical Temple.
  2230 | Temple   | Entered the Ecumenical Temple
  2243 | Temple   | Became a worshipper of Ru the Awakened
  2267 | D:4      | Reached skill level 3 in Fighting
  2484 | D:4      | Noticed a phantom
  2492 | D:4      | Killed a phantom
  2493 | D:4      | Gained mutation: Spells you cast may paralyse adjacent
                  | enemies. [demonic ancestry]
  2493 | D:4      | Reached XP level 6. HP: 45/48 MP: 6/6
  2539 | D:4      | Reached skill level 4 in Unarmed Combat
  2552 | D:4      | Reached skill level 5 in Shapeshifting
  2561 | D:4      | Reached XP level 7. HP: 43/54 MP: 7/7
  2812 | D:4      | Found a broken altar of Ashenzari.
  2937 | D:4      | Identified the +0 pair of boots of Liberty {Str+3 Int+8
                  | Dex-3 Slay+2}
  3026 | D:4      | Found a burning altar of Makhleb.
  3240 | D:5      | Entered Level 5 of the Dungeon
  3311 | D:5      | Reached skill level 4 in Fighting
  3348 | D:5      | Found a bloodstained altar of Trog.
  3398 | D:5      | Found a sand-covered staircase.
  3407 | Ossuary  | Entered an ossuary
  3518 | Ossuary  | Reached skill level 6 in Shapeshifting
  3590 | Ossuary  | Gained mutation: You have a pair of small antennae on your
                  | head. [demonic ancestry]
  3590 | Ossuary  | Reached XP level 8. HP: 45/62 MP: 8/8
  3636 | Ossuary  | Reached skill level 5 in Unarmed Combat
  4008 | Ossuary  | Found a basalt altar of Yredelemnul.
  4383 | D:5      | Reached skill level 5 in Fighting
  4974 | D:6      | Reached skill level 7 in Shapeshifting
  5604 | D:6      | Found a hazy altar of Hepliaklqana.
  5633 | D:6      | Found Behogi's Weapon Shoppe.
  5756 | D:6      | You pick up a book of Hexes and begin reading...
  5756 | D:6      | You add the spells Anguish, Cause Fear and Enfeeble to your
                  | library.
  5935 | D:6      | HP: 6/65 [orc priest/divine providence (11)]
  5936 | D:6      | HP: 2/65 [poisoned by an orc wizard]
  5936 | D:6      | Mangled by an orc warrior

Vanquished Creatures
  A water moccasin (D:6)
  2 ogres
  A centaur (D:4)
  2 phantoms
  3 scorpions
  A wight (Ossuary)
  2 howler monkeys
  4 bombardier beetles (D:4)
  3 sleepcaps
  2 orc priests
  2 spectral scorpions (Ossuary)
  A hound (D:5)
  A centaur skeleton (Ossuary)
  4 iguanas
  4 orc wizards
  A crocodile zombie (Ossuary)
  8 mummies (Ossuary)
  5 gnolls
  6 adders
  A dart slug (D:2)
  16 orcs
  A bat (D:3)
  8 endoplasms
  4 giant cockroaches
  6 goblins
  3 hobgoblins
  7 jackals
  10 kobolds
  4 quokkas
  8 ball pythons
  3 frilled lizards
  3 gnoll skeletons (Ossuary)
  4 orc skeletons (Ossuary)
  6 rats
  10 spectral rats (Ossuary)
147 creatures vanquished.

Table legend:
 A = Non-vault XP
 B = Vault XP
 C = Vault XP percentage of total XP
 D = Non-vault monster count
 E = Vault monster count
 F = Vault count percentage of total count
                 A         B        C        D         E       F
            +---------+---------+-------+---------+---------+-------
      Total |    1611 |     878 |  35.3 |      93 |      54 |  36.7
            +---------+---------+-------+---------+---------+-------
        D:1 |      34 |       0 |   0.0 |      21 |       0 |   0.0
        D:2 |      37 |       0 |   0.0 |      14 |       0 |   0.0
        D:3 |      11 |      52 |  82.5 |       6 |       5 |  45.5
        D:4 |     332 |     439 |  56.9 |      14 |      17 |  54.8
        D:5 |     643 |       4 |   0.6 |      21 |       2 |   8.7
        D:6 |     554 |       0 |   0.0 |      17 |       0 |   0.0
    Ossuary |       0 |     383 | 100.0 |       0 |      30 | 100.0
            +---------+---------+-------+---------+---------+-------

Skill      XL: |  1  2  3  4  5  6  7  8 |
---------------+-------------------------+-----
Shapeshifting  | 3 4 5 6 7 |  7.2
Unarmed Combat | 3 4 5 |  5.8
Fighting       | 2 3 4 5 |  5.6
Dodging        | |  1.7

Action                     |  1- 3 |  4- 6 |  7- 9 || total
---------------------------+-------+-------+-------++-------
  Melee: Unarmed           |   115 |       |   275 ||   390
         Punch             |     2 |       |       ||     2
         Hand axe          |    13 |    68 |     9 ||    90
    Use: Scroll            |     5 |       |     8 ||    13
         Potion            |       |       |     1 ||     1
   Stab: Sleeping          |     1 |     1 |       ||     2
 Armour: Animal skin       |    67 |    47 |     7 ||   121
         Skin              |       |       |    97 ||    97
  Dodge: Dodged            |    71 |    47 |   168 ||   286
   Form: Flux              |       |       |     1 ||     1

Illustrated notes

Table legend:
 A = Kills in this place as a percentage of kills in the entire game.
 B = Kills by you in this place as a percentage of kills by you in the entire game.
 C = Kills by friends in this place as a percentage of kills by friends in the entire game.
 D = Other kills in this place as a percentage of other kills in the entire game.
 E = Experience gained in this place as a percentage of experience gained in the entire game.
 F = Experience gained in this place divided by the number of levels of this place that you have seen.
                   A       B       C       D       E      F
               +-------+-------+-------+-------+-------+----------------------
         Total | 100.0 | 100.0 |   N/A |   N/A | 100.0 | 311.1
       Dungeon |  79.6 |  79.6 |   N/A |   N/A |  84.6 | 351.0
       Ossuary |  20.4 |  20.4 |   N/A |   N/A |  15.4 | 383.0
               +-------+-------+-------+-------+-------+----------------------

Table legend: (Time is in decaauts)
 A = Elapsed time spent in this place.
 B = Non-inter-level travel time spent in this place.
 C = Inter-level travel time spent in this place.
 D = Time resting spent in this place.
 E = Time spent auto-exploring this place.
 F = Levels seen in this place.
 G = Mean time per level.
                   A        B        C        D        E       F      G
               +--------+--------+--------+--------+--------+-----+--------+
         Total |   5933 |   5760 |    173 |    612 |   4049 |   8 |  741.6 |
       Dungeon |   5279 |   5116 |    163 |    519 |   3716 |   6 |  879.8 |
        Temple |     25 |     15 |     10 |      0 |      0 |   1 |   25.0 |
       Ossuary |    627 |    627 |      0 |     93 |    333 |   1 |  627.0 |
               +--------+--------+--------+--------+--------+-----+--------+

Top non-repeatable levels by time:
     D:5: 1262 daAuts
     D:4: 1061 daAuts
     D:3: 877 daAuts
     D:6: 780 daAuts
     D:2: 722 daAuts
 Ossuary: 627 daAuts
     D:1: 575 daAuts
  Temple: 25 daAuts
